 Dungeon Crawl Stone Soup version 0.24.0-123-gd5b16e6ec5 (webtiles) character file.

Game seed: 17160553919044131763, levelgen mode: deterministic

93 Iamsoldier the Covered (level 4, -4/29 HPs)
             Began as a Gargoyle Fighter on Jan 16, 2020.
             Killed from afar by an orc wizard (5 damage)
             ... with a magic dart
             ... on level 2 of the Dungeon.
             The game lasted 00:02:28 (1273 turns).

Iamsoldier the Covered (Gargoyle Fighter)           Turns: 1273, Time: 00:02:28

Health: -4/29      AC: 10    Str: 24 (26) XL:     4   Next: 62%
Magic:  4/4        EV: 12    Int:  7 (8)  God:
Gold:   93         SH: 10    Dex: 12 (14) Spells: 3/3 levels left

rFire    . . .     SeeInvis .   a - +0 flail
rCold    . . .     Gourm    .   c - +0 shield
rNeg     + . .     Faith    .   b - +0 scale mail
rPois    ∞         Spirit   .   (no helmet)
rElec    +         Reflect  .   (no cloak)
rCorr    .         Harm     .   (no gloves)
MR       .....                  (no boots)
Stlth    +.........             (no amulet)
HPRegen  0.09/turn              (no ring)
MPRegen  0.09/turn              (no ring)

@: mighty, agile
A: negative energy resistance 1, electricity resistance, unbreathing,
petrification resistance, rot immunity, AC +3
a: no special abilities


You were on level 2 of the Dungeon.
You were not hungry.

You visited 1 branch of the dungeon, and saw 2 of its levels.

You collected 93 gold pieces.

Inventory:

Hand Weapons
 a - a +0 flail (weapon)
Armour
 b - a +0 scale mail (worn)
 c - a +0 shield (worn)
Jewellery
 g - an uncursed amulet of the gourmand {unknown}
Scrolls
 e - 7 scrolls of identify {unknown}
 i - a scroll of remove curse {unknown}
 o - a scroll of fear {unknown}
Potions
 h - a potion of magic {unknown}
 j - a potion of haste {unknown}
 k - a potion of lignification {unknown}
 m - 2 potions of degeneration
Comestibles
 f - 4 rations
 n - 4 chunks of flesh


   Skills:
 + Level 4.0 Fighting
 + Level 2.9 Maces & Flails
 + Level 4.0 Armour
 + Level 4.0 Shields


You had 3 spell levels left.
You didn't know any spells.
Your spell library was empty.

Dungeon Overview and Level Annotations

Branches:
Dungeon (2/15)

Altars:
Ashenzari


Innate Abilities, Weirdness & Mutations

You are resistant to torment.
Your stone body is resilient. (AC +3)
You are immune to poison.
You resist negative energy. (rN+)
You are resistant to electric shocks. (rElec)
You can survive without breathing.
You are immune to petrification.
You are immune to rotting.


Message History

The magic dart hits you!
* * * LOW HITPOINT WARNING * * *
The orc closely misses you. You block the goblin's attack.
You feel very mighty all of a sudden.
The orc wizard mumbles some strange words.
The orc wizard blinks!
The orc hits you from afar with a +0 trident.
* * * LOW HITPOINT WARNING * * *
The goblin hits you but does no damage.
It was a potion of degeneration.
There was something very wrong with that liquid.
You feel weakened.
You feel dopey.
You feel clumsy.
The orc hits you from afar with a +0 trident.
* * * LOW HITPOINT WARNING * * *
The goblin barely misses you.
It was a potion of agility.
You feel agile all of a sudden.
The orc wizard points at you and mumbles some strange words.
The magic dart hits you.
You die...

#####.#.. #......#..
#........### #..........
#........# .
#........###########.
####....................
........§...>÷.....##)..
#..g@...........##.#.
.....o).$..........#..#.
###?..#.##..............
#..#o.................
....#...##......#.....#
...# ..###....####..#...
#.. ..# #....# #(.#...
#. ..> #...(# ##..#...
.. .........


You could see an orc wizard, an orc and a goblin.

Vanquished Creatures
  Jessica (D:2)
  3 adders (D:2)
  An ooze (D:1)
  A worm (D:2)
  A dart slug (D:1)
  A leopard gecko (D:1)
  An orc (D:2)
  6 bats
  5 goblins
  2 hobgoblins (D:1)
  3 kobolds (D:1)
  3 frilled lizards (D:1)
  4 rats
32 creatures vanquished.

Notes
Turn   | Place    | Note
-------+----------+-------------------------------------------
     0 | D:1      | Iamsoldier the Gargoyle Fighter began the quest for the
                  | Orb.
     0 | D:1      | Reached XP level 1. HP: 14/14 MP: 1/1
   234 | D:1      | Reached XP level 2. HP: 19/19 MP: 2/2
   675 | D:1      | Reached XP level 3. HP: 23/23 MP: 3/3
   940 | D:2      | Noticed Jessica
   962 | D:2      | Killed Jessica
   962 | D:2      | Reached XP level 4. HP: 18/29 MP: 4/4
  1009 | D:2      | Found a shattered altar of Ashenzari.
  1272 | D:2      | HP: 1/29 [orc/+0 trident (1)]
  1273 | D:2      | Killed from afar by an orc wizard

Levels and vault maps discovered:
D:1:      dpeg_arrival_water_fire, layout_basic, st_stairs_6
D:2:      layout_rooms, evilmike_ruin_ashenzari, uniq_terence, uniq_jessica

Skill      XL: |  1  2  3  4 |
---------------+-------------+-----
Armour         | 4 |  4.0
Fighting       | 4 |  4.0
Shields        | 4 |  4.0
Maces & Flails | |  2.9

Action                   |  1- 3 |  4- 6 || total
-------------------------+-------+-------++-------
Melee: Flail             |   128 |    95 ||   223
  Use: Potion            |       |     3 ||     3
  Eat: Chunk             |       |     2 ||     2
Armor: Scale mail        |    91 |    75 ||   166
Dodge: Dodged            |    43 |    43 ||    86
Block: Shield            |    70 |    78 ||   148
